 Dungeon Crawl Stone Soup version 0.23.1 (webtiles) character file.

Game seed: 1374715344552818413

1763 Monsterracer the Chopper (level 8, -1/64 HPs)
             Began as a Demonspawn Gladiator on Mar 8, 2019.
             Was a Follower of Makhleb.
             Slain by a bullfrog (6 damage)
             ... on level 7 of the Dungeon.
             The game lasted 00:10:48 (7735 turns).

Monsterracer the Chopper (Demonspawn Gladiator)     Turns: 7735, Time: 00:10:48

Health: -1/64      AC: 17    Str: 16    XL:     8   Next: 79%
Magic:  12/12      EV:  7    Int: 10    God:    Makhleb [*.....]
Gold:   305        SH:  0    Dex: 10    Spells: 7/7 levels left

rFire    + . .     SeeInvis .   a - +4 broad axe
rCold    . . .     Gourm    .   (no shield)
rNeg     + + .     Faith    .   q - +4 chain mail "Qumic" {rPois rF+ rN+ Dex-5}
rPois    +         Spirit   .   (helmet restricted)
rElec    .         Reflect  .   t - scarf {repulsion}
rCorr    .         Harm     .   (no gloves)
MR       .....                  (no boots)
Stlth    ..........             (no amulet)
HPRegen  0.20/turn              p - ring of positive energy
MPRegen  0.13/turn              (no ring)

@: lethally poisoned (-1 -> -4), repel missiles
A: antennae 1, iridescent scales 2, nightstalker 1
a: Renounce Religion


You were on level 7 of the Dungeon.
You worshipped Makhleb.
Makhleb was aware of your devotion.
You were near starving.

You visited 2 branches of the dungeon, and saw 8 of its levels.
You also visited: Ossuary.

You collected 305 gold pieces.


Innate Abilities, Weirdness & Mutations

You have a pair of small antennae on your head.
You are mostly covered in iridescent scales. (AC +4)
You are slightly more attuned to the shadows.


   Skills:
 - Level 6.0 Fighting
 * Level 7.5 Axes
 - Level 1.7 Throwing
 - Level 3.2 Armour
 - Level 2.6 Dodging
 + Level 5.9 Invocations


You had 7 spell levels left.
You didn't know any spells.
Your spell library was empty.

Inventory:

Hand Weapons
 a - a +4 broad axe (weapon)
   (You found it on level 6 of the Dungeon)
 b - a +3 battleaxe
   (You took it off a wight on level 6 of the Dungeon)
 D - the +9 halberd of Karma {vamp, rElec Dex+2, unknown}
   (You found it on level 6 of the Dungeon)

   It inflicts no extra harm, but heals its wielder when it wounds a living foe.
   It affects your dexterity (+2).
   It insulates you from electricity.
Missiles
 G - 2 throwing nets (quivered) {!f}
Armour
 q - the +4 chain mail "Qumic" (worn) {rPois rF+ rN+ Dex-5}
   (You found it on level 4 of the Dungeon)

   It affects your dexterity (-5).
   It protects you from fire.
   It protects you from poison.
   It protects you from negative energy.
 r - a +0 cloak
   (You took it off Crazy Yiuf on level 4 of the Dungeon)
 t - a scarf of repulsion (worn)
   (You found it on level 5 of the Dungeon)
Jewellery
 p - a ring of positive energy (left hand)
   (You found it on level 4 of the Dungeon)
Wands
 s - a wand of iceblast (15)
   (You found it on level 5 of the Dungeon)
 F - a wand of enslavement (7)
   (You found it on level 6 of the Dungeon)
Scrolls
 d - 2 scrolls of enchant armour {unknown}
 g - 8 scrolls of identify {unknown}
 j - 4 scrolls of teleportation {unknown}
 m - 2 scrolls of enchant weapon {unknown}
 u - 2 scrolls of remove curse {unknown}
 w - 2 scrolls of immolation {unknown}
 y - 2 scrolls of amnesia {unknown}
 B - a scroll of holy word {unknown}
 C - a scroll of blinking {unknown}
 E - 2 scrolls of magic mapping {unknown}
Potions
 e - 4 potions of curing
 f - a potion of cancellation {unknown}
 h - 5 potions of brilliance {unknown}
 i - a potion of lignification {unknown}
 k - 3 potions of resistance {unknown}
 l - a potion of haste {unknown}
 n - a potion of flight {unknown}
 o - 7 potions of heal wounds {unknown}
 v - a potion of mutation {unknown}
 x - a potion of ambrosia {unknown}
 z - a potion of berserk rage {unknown}
 A - a potion of magic {unknown}
Comestibles
 c - 7 rations

Dungeon Overview and Level Annotations

Branches:
Dungeon (7/15)             Temple (1/1) D:4

Altars:
Cheibriados
Dithmenos
Elyvilon
Gozag
Hepliaklqana
Kikubaaqudgha
Makhleb
Nemelex Xobeh
Okawaru
Qazlal
Ru
Sif Muna
Trog
Vehumet
Wu Jian
Yredelemnul
Zin
The Shining One

Shops:
D:4 = D:5

* .... #......#. ...
#........ #..
#........ ##..
#......# .##..o
###.....###
.....o###.....##..#
.....F@...........#
..#..##..##.......#
#......#####...##
........# #....##
..........#####.....#
>..........#.##....##
.....###[.......###
.....###....#..##
#..#......#...#


You could see a bullfrog and 2 orc priests.


Message History

You miss the killer bee. You closely miss the killer bee.
The killer bee stings you but does no damage. x2
The killer bee barely misses you.
The killer bee stings you but does no damage.
A bullfrog comes into view.
The killer bee closely misses you. The killer bee barely misses you.
You miss the killer bee.
Your chain mail "Qumic" prevents you from hitting the killer bee.
The bullfrog gives a loud, deep croak!
The killer bee stings you but does no damage. x3
The killer bee barely misses you.
MP restored: 12 You hit the killer bee.
The killer bee is lightly wounded.
You miss the killer bee. The killer bee barely misses you.
The killer bee misses you. The killer bee barely misses you.
The killer bee stings you but does no damage.
The killer bee completely misses you.
The killer bee stings you but does no damage.
You slice the killer bee!!
You kill the killer bee!
Makhleb accepts your kill.
You slash the killer bee!
You kill the killer bee!
Makhleb accepts your kill.
The orc priest mumbles some strange prayers to Beogh against you.
Beogh smites you!
The killer bee stings you but does no damage.
The killer bee stings you.
You take 13 damage, and have 46/64 hp.
MASSIVE DAMAGE!!
You closely miss the killer bee. x2; The killer bee stings you. x2
You are poisoned.
The killer bee poisons you! The killer bee stings you.
The killer bee stings you but does no damage.
You take 9 damage, and have 37/64 hp.
Your chain mail "Qumic" prevents you from hitting the killer bee.
You miss the killer bee.
You feel sick. The killer bee stings you. x2
* * * LOW HITPOINT WARNING * * *
You are more poisoned.
The killer bee poisons you!
The killer bee stings you but does no damage. x2
An orc priest comes into view.
The killer bee closely misses you.
The killer bee stings you but does no damage.
You take 5 damage, and have 32/64 hp.
Unknown command.
You hit the killer bee.
The killer bee is lightly wounded.
You barely miss the killer bee.
You feel sick. The killer bee stings you.
* * * LOW HITPOINT WARNING * * *
The killer bee stings you.
* * * LOW HITPOINT WARNING * * *
You are more poisoned.
The killer bee poisons you!
The orc priest mumbles some strange prayers to Beogh against you.
Beogh smites you!
* * * LOW HITPOINT WARNING * * *
The killer bee stings you.
* * * LOW HITPOINT WARNING * * *
The killer bee stings you but does no damage.
You hear a shout!
You take 17 damage, and have 15/64 hp.
MASSIVE DAMAGE!!
Unknown command.
You feel better.
e - 4 potions of curing;
h - 5 pink potions The killer bee barely misses you.
The killer bee stings you but does no damage.
The killer bee stings you.
* * * LOW HITPOINT WARNING * * *
You are poisoned.
The killer bee poisons you!
The killer bee stings you but does no damage.
You regained 6 hp, and now have 21/64 hp.
Unknown command.
You slice the killer bee!!
You kill the killer bee!
Makhleb accepts your kill.
You hit the killer bee but do no damage.
You feel sick.
The killer bee stings you but does no damage.
The killer bee closely misses you. The bullfrog hits you.
* * * LOW HITPOINT WARNING * * *
The killer bee stings you but does no damage.
You take 7 damage, and have 14/64 hp.
Unknown command.
You closely miss the bullfrog. You slash the killer bee!
You feel sick.
The bullfrog hits you but does no damage.
The killer bee stings you but does no damage.
The bullfrog barely misses you. The killer bee stings you.
* * * LOW HITPOINT WARNING * * *
You take 2 damage, and have 12/64 hp.
You slash the bullfrog!
The bullfrog is severely wounded.
You slash the killer bee!
You kill the killer bee!
Makhleb accepts your kill.
You feel sick. The bullfrog hits you.
* * * LOW HITPOINT WARNING * * *
The bullfrog hits you.
You die...

Skill      XL: |  1  2  3  4  5  6  7  8 |
---------------+-------------------------+-----
Axes           | 3 4 5 7 |  7.5
Fighting       | 3 4 5 6 |  6.0
Armour         | 1 2 3 |  3.2
Invocations    | 1 2 3 5 |  5.9
Throwing       | |  1.7
Dodging        | |  2.6

Action                   |  1- 3 |  4- 6 |  7- 9 || total
-------------------------+-------+-------+-------++-------
Melee: War axe           |   139 |   234 |   205 ||   578
       Broad axe         |       |       |    49 ||    49
       Battleaxe         |       |       |    15 ||    15
Throw: Throwing net      |       |     4 |       ||     4
  Use: Potion            |       |       |     1 ||     1
 Stab: Sleeping          |     3 |       |       ||     3
       Held in net/web   |       |     4 |       ||     4
  Eat: Chunk             |     2 |     7 |     5 ||    14
       Ration            |       |     1 |     1 ||     2
Armor: Leather armour    |    32 |       |       ||    32
       Ring mail         |    35 |     6 |       ||    41
       Chain mail        |       |   128 |   203 ||   331
Dodge: Dodged            |    91 |    65 |   100 ||   256
       Deflected         |       |       |     2 ||     2

Levels and vault maps discovered:
D:1:      lemuel_arrival_cross, layout_rooms, serial_co_window_serial,
          co_window_paths_a, co_window_corner_a, co_window_of_opportunity_a,
          co_window_paths_a, co_window_paths_b, co_window_cross_4,
          co_window_corner_ca, co_window_corner_b, co_window_paths_c,
          co_window_corner_b, glass_columns_b, minmay_distorted
D:2:      layout_basic, nemelex_xobeh_ov_fountains_minmay
D:3:      layout_basic, nicolae_gozag_cash_rules_everything_around_me,
          minivault_19, minmay_misc_feat_x
D:4:      layout_loops_ring, lemuel_doored_altar, old_standard_altar,
          minmay_temple_entry_statues_fountains, serial_shops, shop,
          first_ration, eino_tiny_chamber, uniq_crazy_yiuf_cottage, uniq_duvessa
D:5:      layout_basic, lemuel_crystal_altar, kennysheep_mini_moat,
          gup_ossuary_entry_pyramid, minmay_shop_damaged
D:6:      layout_gridville
D:7:      layout_cave_pools, marbit_many_paths, kennysheep_little_box
Temple:   minmay_temple_bridge_abc
Ossuary:  ossuary_due_small_catacomb

Notes
Turn   | Place    | Note
-------+----------+-------------------------------------------
     0 | D:1      | Monsterracer the Demonspawn Gladiator began the quest for
                  | the Orb.
     0 | D:1      | Reached XP level 1. HP: 16/16 MP: 1/1
    68 | D:1      | Reached skill level 3 in Axes
    68 | D:1      | Gained mutation: You are slightly more attuned to the
                  | shadows. [demonic ancestry]
    68 | D:1      | Reached XP level 2. HP: 16/23 MP: 2/2
   718 | D:1      | Reached XP level 3. HP: 27/28 MP: 3/3
   928 | D:2      | Found a sparkling altar of Nemelex Xobeh.
  1629 | D:3      | Gained mutation: You are partially covered in iridescent
                  | scales. (AC +2) [demonic ancestry]
  1629 | D:3      | Reached XP level 4. HP: 21/35 MP: 4/4
  1649 | D:3      | HP: 17/35 [orc/+0 dagger of protection (2)]
  1946 | D:3      | Found an opulent altar of Gozag.
  2059 | D:3      | HP: 9/35 [iguana (9)]
  2182 | D:3      | HP: 16/35 [iguana (4)]
  2656 | D:3      | Reached skill level 4 in Axes
  2657 | D:3      | Reached skill level 1 in Armour
  2857 | D:4      | Reached XP level 5. HP: 41/42 MP: 5/5
  3064 | D:4      | Found Biwug's Jewellery Emporium.
  3113 | D:4      | HP: 21/42 [poisoned by a worker ant]
  3283 | D:4      | Found an iron altar of Okawaru.
  3410 | D:4      | Noticed Duvessa
  3450 | D:4      | Noticed Dowan
  3458 | D:3      | HP: 20/42 [poisoned by Duvessa]
  3463 | D:3      | HP: 16/42 [poisoned by Duvessa]
  3468 | D:3      | HP: 13/42 [poisoned by Duvessa]
  3473 | D:3      | HP: 10/42 [poisoned by Duvessa]
  3478 | D:3      | HP: 9/42 [poisoned by Duvessa]
  3485 | D:3      | HP: 8/42 [poisoned by Duvessa]
  3493 | D:3      | HP: 7/42 [poisoned by Duvessa]
  3843 | D:4      | Found a hazy altar of Hepliaklqana.
  3930 | D:4      | Found a staircase to the Ecumenical Temple.
  3941 | D:4      | Noticed a phantom
  3947 | Temple   | Entered the Ecumenical Temple
  3990 | Temple   | Became a worshipper of Makhleb the Destroyer
  4075 | D:4      | HP: 17/42 [phantom (6)]
  4090 | D:4      | HP: 17/42 [phantom (2)]
  4098 | D:4      | HP: 16/42 [phantom (1)]
  4130 | D:4      | HP: 17/42 [phantom (4)]
  4132 | D:4      | Killed a phantom
  4132 | D:4      | Reached skill level 1 in Invocations
  4132 | D:4      | Reached XP level 6. HP: 20/49 MP: 6/6
  4346 | D:4      | Got a bloodstained chain mail
  4381 | D:4      | Identified the +4 chain mail "Qumic" {rPois rF+ rN+ Dex-5}
                  | (You found it on level 4 of the Dungeon)
  4542 | D:4      | Found a runed translucent door.
  4543 | D:4      | Noticed Crazy Yiuf
  4552 | D:4      | Killed Crazy Yiuf
  4682 | D:4      | Killed Dowan
  4695 | D:5      | Entered Level 5 of the Dungeon
  4789 | D:5      | Reached skill level 5 in Fighting
  4789 | D:5      | Reached skill level 5 in Axes
  4789 | D:5      | Gained mutation: You are mostly covered in iridescent
                  | scales. (AC +4) [demonic ancestry]
  4789 | D:5      | Reached XP level 7. HP: 51/56 MP: 8/8
  4858 | D:5      | Found an ornate altar of the Wu Jian Council.
  4907 | D:5      | Found a sand-covered staircase.
  4920 | Ossuary  | Entered an ossuary
  5129 | Ossuary  | Reached * piety under Makhleb
  5759 | D:5      | Found Roirharuba's Lightly-Used Armoury.
  5863 | D:5      | Found a sacrificial altar of Ru.
  6247 | D:6      | Got a jewelled halberd
  6563 | D:6      | Gained mutation: You have a pair of small antennae on your
                  | head. [demonic ancestry]
  6563 | D:6      | Reached XP level 8. HP: 47/64 MP: 10/10
  6708 | D:6      | Reached skill level 6 in Axes
  7196 | D:7      | HP: 32/64 [poisoned by a gnoll]
  7202 | D:7      | HP: 32/64 [poisoned by a gnoll]
  7210 | D:7      | HP: 31/64 [poisoned by a gnoll]
  7413 | D:7      | Noticed a two-headed ogre
  7588 | D:4      | Killed Duvessa
  7588 | D:4      | Reached skill level 7 in Axes
  7588 | D:4      | Reached skill level 5 in Invocations
  7730 | D:7      | HP: 32/64 [killer bee (3)]
  7731 | D:7      | HP: 15/64 [killer bee (3)]
  7735 | D:7      | HP: 5/64 [bullfrog (6)]
  7735 | D:7      | Slain by a bullfrog

Vanquished Creatures
  Duvessa (D:4)
  2 phantoms (D:4 D:5)
  2 centaurs (D:6)
  An ogre (D:4)
  2 bullfrogs (D:6)
  Dowan (D:4)
  5 killer bees (D:7)
  4 wights (D:6)
  A crimson imp (D:7)
  A centaur zombie (D:7)
  Crazy Yiuf (D:4)
  2 centaur skeletons (D:4 D:6)
  A gnoll shaman (D:7)
  2 iguanas (D:3 D:6)
  3 worker ants (D:4 D:5)
  A hound skeleton (D:4)
  14 mummies (D:5 Ossuary)
  3 gnolls (D:7)
  6 adders (D:2 D:3 D:4 D:5 D:7)
  A shadow imp (D:7)
  An ooze (D:1)
  3 adder skeletons (D:4 D:7)
  An adder zombie (D:6)
  4 worms (D:3 D:4 D:5)
  3 leopard geckos (D:3 D:6)
  3 orcs (D:3)
  3 ball pythons (D:2 D:4 D:5)
  7 bats (D:1 D:2 D:3)
  6 giant cockroaches (D:1 D:2 D:3 D:4)
  5 goblins (D:1 D:2 D:3)
  7 hobgoblins (D:1 D:2 D:3)
  4 quokkas (D:2 D:3 D:4 D:5)
  4 frilled lizards (D:1 D:3)
  4 gnoll skeletons (Ossuary)
  11 kobolds (D:1 D:2 D:3)
  A kobold skeleton (Ossuary)
  3 orc skeletons (Ossuary)
  7 rats (D:1 D:2 D:3)
  11 rat skeletons (Ossuary)
142 creatures vanquished.

Table legend:
 A = Turns spent in this place as a percentage of turns spent in the entire game.
 B = Non-inter-level travel turns spent in this place as a percentage of non-inter-level travel turns spent in the entire game.
 C = Inter-level travel turns spent in this place as a percentage of turns spent in this place.
 D = Turns resting spent in this place as a percentage of non-inter-level travel turns spent in this place.
 E = Turns spent auto-exploring this place as a percentage of non-inter-level travel turns spent in this place.
 F = Non-inter-level travel turns spent in this place divided by the number of levels of this place that you've seen.
                   A       B       C       D       E      F
               +-------+-------+-------+-------+-------+----------------------
         Total | 100.0 | 100.0 |   5.0 |   4.0 |  73.2 | 816.3
       Dungeon |  89.6 |  89.3 |   5.3 |   4.5 |  73.3 | 937.1
        Temple |   0.8 |   0.6 |  30.8 |   0.0 |  62.2 |  45.0
       Ossuary |   9.6 |  10.1 |   0.0 |   0.0 |  73.7 | 742.0
               +-------+-------+-------+-------+-------+----------------------

Table legend:
 A = Non-vault XP
 B = Vault XP
 C = Vault XP percentage of total XP
 D = Non-vault monster count
 E = Vault monster count
 F = Vault count percentage of total count
                 A         B        C        D         E       F
            +---------+---------+-------+---------+---------+-------
      Total |    1976 |     543 |  21.6 |     105 |      37 |  26.1
            +---------+---------+-------+---------+---------+-------
        D:1 |      33 |       8 |  19.5 |      21 |       1 |   4.5
        D:2 |      34 |       0 |   0.0 |      13 |       0 |   0.0
        D:3 |     103 |       0 |   0.0 |      24 |       0 |   0.0
        D:4 |     397 |     267 |  40.2 |      14 |       3 |  17.6
        D:5 |     180 |      18 |   9.1 |       6 |       1 |  14.3
        D:6 |     713 |       0 |   0.0 |      13 |       0 |   0.0
        D:7 |     516 |       0 |   0.0 |      14 |       0 |   0.0
    Ossuary |       0 |     250 | 100.0 |       0 |      32 | 100.0
            +---------+---------+-------+---------+---------+-------
